[Event "Snabb-SM för veteraner, 65+ 2019"]
[Site "Schackcentrum, Vegagatan 20, Gothenburg, Sweden"]
[Date "2019.10.06"]
[Round "7.9"]
[White "Olsson, Torgny"]
[Black "Herrman, Jan"]
[Result "0-1"]
[TimeControl "15 minutes + 10 seconds per move from move one"]
[WhiteFideId "1717340"]
[BlackFideId "1731882"]
[WhiteElo "1716"]
[BlackElo "1929"]

1. d4 Nf6 2. Bf4 e6 3. e3 d5 4. Nf3 Bd6 5. Bg3 O-O 6. c3 b6 7. Bd3 c5 8. Nbd2 Ba6 9. Bc2 Nc6 10.
Ne5 Qc7 11. f4 Rac8 12. Bh4 Be7 13. g4 cxd4 14. exd4 Nxd4 15. g5 Nxc2+ 16. Qxc2 Ne4 17. Nxe4 dxe4 18. O-O-O Bd6 19. Bg3 Bxe5 20.
fxe5 Bd3 21. Rxd3 exd3 22. Qxd3 Rfd8 23. Qe3 b5 24. Kc2 b4 25. Re1 Qa5 26. Kb3 bxc3 27. bxc3 Rb8+ 0-1

[Event "Snabb-SM för veteraner, 65+ 2019"]
[Site "Schackcentrum, Vegagatan 20, Gothenburg, Sweden"]
[Date "2019.10.06"]
[Round "8.1"]
[White "Stroem, Leif"]
[Black "Olsson, Tomas"]
[Result "1/2-1/2"]
[TimeControl "15 minutes + 10 seconds per move from move one"]
[WhiteFideId "1709410"]
[BlackFideId "1702696"]
[WhiteElo "2014"]
[BlackElo "1973"]

1. c4 Nf6 2. g3 g6 3. Bg2 Bg7 4.
Nc3 d6 5. e4 c5 6. Nge2 Nc6 7. O-O h5 8. h4 Be6 9. d3 Qc8 10. Nf4 Bg4 11. f3 Bd7 12. Rb1 O-O 13. Kh2 a5 14.
Be3 Nd4 15. Bxd4 cxd4 16. Ncd5 Qd8 17. Rf2 e6 18. Nxf6+ Bxf6 19. b4 Bxh4 20. gxh4 Qxh4+ 21. Nh3 g5 22. Qd2 f6 23. Kg1 e5 24. Nxg5 fxg5 25. bxa5 Rab8 26.
Rb6 Bc6 27. a6 Kh7 28. axb7 Bxb7 29. Rxd6 Bc8 30. Qa5 Rb1+ 31. Bf1 Qg3+ 32. Rg2 Rxf1+ 33. Kxf1 Qxf3+ 34. Kg1 Qe3+ 35. Kh2 Qh3+ 36.
Kg1 Qe3+ 37. Kh2 Qh3+ 1/2-1/2

[Event "Snabb-SM för veteraner, 65+ 2019"]
[Site "Schackcentrum, Vegagatan 20, Gothenburg, Sweden"]
[Date "2019.10.06"]
[Round "8.2"]
[White "Fransson, Lennart"]
[Black "Kvarby, Anders"]
[Result "0-1"]
[TimeControl "15 minutes + 10 seconds per move from move one"]
[WhiteFideId "1706756"]
[BlackFideId "1746596"]
[WhiteElo "1983"]
[BlackElo "1887"]

1. c4 g6 2. g3 Bg7 3. Bg2 c5 4. Nc3 Nc6 5. d3 Nf6 6. e4 d6 7. Nge2 O-O 8. O-O b6 9. f4 Nd4 10. Nxd4 cxd4 11. e5 dxc3 12.
Bxa8 cxb2 13. Bxb2 Bh3 14. Bg2 Bxg2 15. Kxg2 dxe5 16. Bxe5 h5 17. h3 Nd7 18. Bxg7 Kxg7 19. Qe2 e6 20.
d4 Qa8+ 21. Qf3 Qc8 22. Rac1 Qa6 23. Rf2 Rc8 24. Rfc2 Nf6 25. Qe3 Qb7+ 26. Kh2 Ne4 27. c5 bxc5 28. dxc5 Qc6 29. Qd4+ Kh7 30.
Rd1 Rc7 31. Rb1 Rd7 32. Qc4 Nd2 33. Qc3 Nxb1 34. Qb2 Rb7 35. Qf6 Qe4 36. Rg2 Na3 37. Qc3 Nc4 38. Rc2 Ne3 39. Rb2 Rc7 40.
Re2 Nf1+ 0-1

[Event "Snabb-SM för veteraner, 65+ 2019"]
[Site "Schackcentrum, Vegagatan 20, Gothenburg, Sweden"]
[Date "2019.10.06"]
[Round "8.3"]
[White "Dolata, Henryk"]
[Black "Wahlstrom, Lennart"]
[Result "1-0"]
[TimeControl "15 minutes + 10 seconds per move from move one"]
[WhiteFideId "1709046"]
[BlackFideId "1706829"]
[WhiteElo "2064"]
[BlackElo "2109"]

1. e4 e5 2. Nf3 Nc6 3. d4 exd4 4. Nxd4 Nf6 5. Nc3 Bb4 6. Nxc6 dxc6 7. Bd3 O-O 8. O-O Re8 9. Bg5 Qd6 10. Re1 Ng4 11. g3 Bc5 12. Rf1 Ne5 13. Kg2 Qe6 14.
Qh5 h6 15. Bf4 Qf6 16. Qe2 Qe6 17. f3 Qh3+ 18. Kh1 Bd6 19. Be3 Be6 20. Qf2 Nc4 21. Bc1 Rad8 22. Re1 Be5 23. Bxc4 Bxc4 24. Be3 Rd7 25. Rad1 Red8 26.
Rxd7 Rxd7 27. a3 b6 28. Rd1 Bxc3 29. Rxd7 Qxd7 30. bxc3 Qd1+ 31. Kg2 Be2 32. Bf4 Qxc2 33. Bxc7 Qd3 34. Be5 Bd1 35. h4 c5 36.
Bb8 Qd7 37. Qe3 Bb3 38. Bf4 Qd1 39. Qd2 Qxd2+ 40. Bxd2 Kf8 41. Kf2 Ke7 42. Ke3 Kd6 43. Kd3 b5 44. Bf4+ Ke6 45.
Be3 Kd6 46. Bf4+ Ke6 47. Ke3 a5 48. Bc7 a4 49. f4 h5 50. f5+ Kd7 51. Bb8 Bd1 52. e5 Bc2 53. Kf4 Bd1 54. Bd6 Kc6 55. Bf8 b4 56. cxb4 c4 57.
Bxg7 c3 58. Bh6 Kd5 59. e6 fxe6 60. f6 e5+ 61. Kg5 e4 62. Kg6 Ke6 1-0

[Event "Snabb-SM för veteraner, 65+ 2019"]
[Site "Schackcentrum, Vegagatan 20, Gothenburg, Sweden"]
[Date "2019.10.06"]
[Round "8.4"]
[White "Nyberg, Bo"]
[Black "Green, Per"]
[Result "0-1"]
[TimeControl "15 minutes + 10 seconds per move from move one"]
[WhiteFideId "1710583"]
[BlackFideId "1703811"]
[WhiteElo "1806"]
[BlackElo "1923"]

1. d4 Nf6 2. Bf4 d5 3. e3 c5 4. Nd2 cxd4 5. exd4 Nc6 6. Ngf3 Bg4 7. c3 e6 8. Bd3 Nh5 9. Be3 Bd6 10.
h3 Bxf3 11. Nxf3 Nf4 12. O-O Nxd3 13. Qxd3 h6 14. a3 O-O 15. Rad1 Rc8 16. Rfe1 a6 17. Bc1 Qf6 18. Re2 Rfd8 19.
Rde1 b5 20. Ne5 Bxe5 21. dxe5 Qe7 22. Qg3 Kh8 23. Kh2 a5 24. Qg4 b4 25. axb4 axb4 26. Re3 bxc3 27. Rg3 Rg8 28. bxc3 Na5 29.
Qh5 Kh7 30. Ree3 g6 31. Qf3 Nc4 32. Re1 Rb8 33. Qf4 g5 34. Qd4 Rg6 35. h4 gxh4 36. Rxg6 fxg6 37. g3 hxg3+ 38. fxg3 Rf8 39.
Kg2 Qf7 40. Qf4 g5 41. Qxf7+ Rxf7 42. Re2 Kg6 43. g4 h5 44. gxh5+ Kxh5 45. Kg3 Kg6 46. Kg4 Rf5 47. Re1 Nxe5+ 48. Kg3 Kf6 49. Rh1 Rf3+ 50. Kg2 Rxc3 51. Rh6+ Kf5 52. Bxg5 Kxg5 53.
Rxe6 Kf5 0-1

[Event "Snabb-SM för veteraner, 65+ 2019"]
[Site "Schackcentrum, Vegagatan 20, Gothenburg, Sweden"]
[Date "2019.10.06"]
[Round "8.5"]
[White "Herrman, Jan"]
[Black "Przysuski, Feliks"]
[Result "0-1"]
[TimeControl "15 minutes + 10 seconds per move from move one"]
[WhiteFideId "1731882"]
[BlackFideId "1712489"]
[WhiteElo "1929"]
[BlackElo "2008"]

1. d4 Nf6 2. c4 e6 3. Nf3 b6 4. g3 Bb7 5. Bg2 Be7 6. O-O O-O 7. Nc3 d5 8. Ne5 c5 9. cxd5 exd5 10.
e3 Nbd7 11. b3 Rc8 12. Bb2 cxd4 13. exd4 Bb4 14. Rc1 Nxe5 15. dxe5 Ne4 16. Nxe4 dxe4 17. Rxc8 Qxc8 18. Qb1 Qa8 19.
a3 Bd2 20. Qd3 exd3 0-1

[Event "Snabb-SM för veteraner, 65+ 2019"]
[Site "Schackcentrum, Vegagatan 20, Gothenburg, Sweden"]
[Date "2019.10.06"]
[Round "8.6"]
[White "Degerfeldt, Sven"]
[Black "Landin, Bo"]
[Result "1/2-1/2"]
[TimeControl "15 minutes + 10 seconds per move from move one"]
[WhiteFideId "1717430"]
[BlackFideId "1705261"]
[WhiteElo "1822"]
[BlackElo "1959"]

1. d4 e6 2. Nf3 d5 3. e3 Nf6 4. c4 c6 5. Nc3 Nbd7 6. a4 Bd6 7. Bd3 O-O 8. O-O Re8 9. Qc2 dxc4 10.
Bxc4 Nb6 11. Be2 Nbd5 12. Bd2 Nb4 13. Qb1 c5 14. Nb5 cxd4 15. Nxd6 Qxd6 16. Nxd4 a6 17. Rd1 e5 18. Nf3 Qe7 19.
Bc3 e4 20. Nd4 Nbd5 21. Be1 Bd7 22. b3 Rec8 23. Qb2 Rc7 24. Rac1 Rac8 25. Ba5 Rxc1 26. Rxc1 Rxc1+ 27. Qxc1 g6 28.
Bc4 Qd6 29. h3 Kg7 30. Bd2 Qb6 31. Be2 Ne7 32. a5 Qd6 33. Bc3 Nfd5 34. Bb2 Kg8 35. Qc2 Nf6 36. Bc4 Ned5 37. Ne2 Qb4 38.
Nc3 Bc6 39. Kh2 Qd6+ 40. g3 Kf8 41. Bxd5 Bxd5 42. Nxd5 Nxd5 43. Qxe4 Ne7 44. Qxb7 f5 45. Qa8+ Kf7 46. Bd4 Qc7 47.
Qh8 Qc2 48. Qg7+ Ke6 49. Qf6+ Kd7 50. Kg2 Qe4+ 51. Kf1 Qb1+ 52. Ke2 Qc2+ 53. Kf3 Qe4+ 54. Ke2 Qc2+ 1/2-1/2

[Event "Snabb-SM för veteraner, 65+ 2019"]
[Site "Schackcentrum, Vegagatan 20, Gothenburg, Sweden"]
[Date "2019.10.06"]
[Round "8.7"]
[White "Olesen, Christer"]
[Black "Franzen, Thomas"]
[Result "0-1"]
[TimeControl "15 minutes + 10 seconds per move from move one"]
[WhiteFideId "1739069"]
[BlackFideId "1706039"]
[WhiteElo "1809"]
[BlackElo "1860"]

1. d4 f5 2. Bf4 Nf6 3. e3 d6 4. h3 g6 5. Nf3 Bg7 6. c4 Nbd7 7. Nc3 h6 8. Be2 O-O 9. O-O Kh7 10.
Qc2 c6 11. Bh2 Qe8 12. e4 fxe4 13. Nxe4 Nxe4 14. Qxe4 Nf6 15. Qc2 Bf5 16. Bd3 Bxd3 17. Qxd3 Qf7 18. Rae1 Rae8 19. Re2 Nd7 20.
Rfe1 e5 21. dxe5 dxe5 22. Nxe5 Nxe5 23. Bxe5 Bxe5 24. Rxe5 Qxf2+ 25. Kh1 Qxe1+ 26. Rxe1 Rxe1+ 27. Kh2 Rf7 28. h4 h5 29. b4 Rfe7 30. a4 R1e4 31. g3 Re2+ 32.
Kh3 Re1 33. Qf3 Kg8 34. Qf6 Kh7 35. Qf2 Kg7 36. b5 R7e2 37. Qf3 Re3 38. Qf4 cxb5 39. cxb5 Re7 40. Qd4+ Kh7 41. Qf2 b6 42.
Qf6 R1e6 43. Qf8 Re4 44. Qf6 R4e6 45. Qf8 Rd7 46. Qf4 Red6 47. Qf8 Rd4 48. Qe8 Rg7 49. Qe5 Rxa4 50. Qb2 Rc4 51.
Qb3 Rc5 52. Qa4 Re7 53. Qb3 Kg7 54. Qa3 Kf7 55. Qf3+ Rf5 56. Qb3+ Kf6 57. Qc4 Kg7 58. Qd4+ Kh7 59. Qd6 Ref7 60.
Qb4 Rc5 61. Qb3 Rff5 62. Qd3 Rxb5 63. Qd7+ Kg8 64. Qe8+ Kg7 65. Qd7+ Kh6 66. Qe8 Kg7 67. Qe7+ Rf7 68. Qe8 Rbf5 69.
Qd8 R5f6 70. Qd4 a5 71. Qc4 Rb7 72. Qb5 Rf5 73. Qc6 Rff7 74. Qb5 Rfc7 75. Qe5+ Kh7 76. Qb5 Rc5 77. Qa6 Rcc7 78. Qb5 Ra7 79.
Qa4 b5 80. Qxb5 a4 81. g4 hxg4+ 82. Kxg4 a3 83. h5 Rg7 84. h6 Rgf7 85. Qb1 a2 86. Qa1 Rfb7 0-1

[Event "Snabb-SM för veteraner, 65+ 2019"]
[Site "Schackcentrum, Vegagatan 20, Gothenburg, Sweden"]
[Date "2019.10.06"]
[Round "8.8"]
[White "Alfven, Jorgen"]
[Black "Svensson, Soren"]
[Result "1-0"]
[TimeControl "15 minutes + 10 seconds per move from move one"]
[WhiteFideId "1715950"]
[BlackFideId "1714937"]
[WhiteElo "1791"]
[BlackElo "1845"]

1. d4 d5 2. Nf3 Nf6 3. g3 e6 4. Bg2 c5 5. c3 Nc6 6. O-O Bd6 7. Nbd2 O-O 8. e3 b6 9. Re1 Bb7 10.
a3 Qc7 11. dxc5 bxc5 12. c4 Rfe8 13.
Qc2 Rac8 14. b3 d4 15. exd4 cxd4 16. Bb2 e5 17. Ng5 h6 18. Nge4 Nxe4 19. Nxe4 Bf8 20. Bh3 Rcd8 21. Qd3 Ne7 22.
Nd2 Qc6 23. f3 Qc7 24. Re2 g6 25. Rae1 Bg7 26. b4 f5 27. Bg2 a5 28. b5 Bc8 29. a4 Be6 30. Ba3 Rc8 31. Rc1 g5 32.
Bxe7 Rxe7 33. Ree1 Ree8 34. Kh1 Qf7 35. c5 Bd5 36. Nc4 Bxc4 37. Qxc4 Qxc4 38. Rxc4 h5 39. c6 Re7 40. Rec1 e4 41.
fxe4 fxe4 42. b6 e3 43. Bd5+ Kh8 44. b7 Rf8 45. c7 e2 46. c8=Q e1=Q+ 47. Rxe1 Rxe1+ 48. Kg2 Re2+ 49. Kh3 g4+ 50.
Kh4 Rxh2+ 51. Kg5 Bf6+ 52. Kg6 1-0

[Event "Snabb-SM för veteraner, 65+ 2019"]
[Site "Schackcentrum, Vegagatan 20, Gothenburg, Sweden"]
[Date "2019.10.06"]
[Round "8.9"]
[White "Nilsson, Weine"]
[Black "Westerlind, Sture"]
[Result "1-0"]
[TimeControl "15 minutes + 10 seconds per move from move one"]
[WhiteFideId "1716727"]
[BlackFideId "1745654"]
[WhiteElo "1847"]
[BlackElo "1806"]

1. Nf3 Nf6 2. g3 d5 3. Bg2 e6 4. O-O c5 5. d3 Nc6 6. Nbd2 Be7 7. e4 dxe4 8. dxe4 Qc7 9. Re1 e5 10.
c3 Be6 11. Qc2 h6 12. Nf1 Rd8 13. Nh4 O-O 14. Nf5 b6 15. f4 c4 16. Nxe7+ Qxe7 17. f5 Bc8 18. h3 Bb7 19. Kh2 Rd3 20.
b3 b5 21. Be3 Rfd8 22. b4 Qc7 23. a4 a6 24. a5 R8d7 25. g4 Ne7 26. Ng3 Bc6 27. g5 hxg5 28. Bxg5 Qd6 29. Bf1 Rf3 30.
Rad1 Qc7 31. Rxd7 Qxd7 32. Bxf6 gxf6 33. Nh5 1-0

[Event "Snabb-SM för veteraner, 65+ 2019"]
[Site "Schackcentrum, Vegagatan 20, Gothenburg, Sweden"]
[Date "2019.10.06"]
[Round "9.1"]
[White "Green, Per"]
[Black "Stroem, Leif"]
[Result "1/2-1/2"]
[TimeControl "15 minutes + 10 seconds per move from move one"]
[WhiteFideId "1703811"]
[BlackFideId "1709410"]
[WhiteElo "1923"]
[BlackElo "2014"]

1. Nf3 g6 2. e4 Bg7 3. d4 d6 4.
c3 Nf6 5. Bd3 O-O 6. O-O Nbd7 7. Re1 e5 8. Bg5 h6 9. Bh4 a6 10. Qc2 g5 11. Bg3 Nh5 12. Nbd2 Nxg3 13. hxg3 Qe7 14.
Nc4 b6 15. Ne3 Nf6 16. Rad1 Kh8 17. a3 c6 18. dxe5 dxe5 19. Nc4 Nd7 20. Bf1 b5 21. Nd6 Nf6 22. Nxc8 Raxc8 23. a4 Rcd8 24.
c4 b4 25. c5 a5 26. b3 Nd7 27. Rc1 Nf6 28. Red1 Rd7 29. Rxd7 Nxd7 30. Qc4 Nb8 31. Nh2 Rd8 32. Ng4 Rd4 33.
Qc2 Qd7 34. Ne3 Rd2 35. Qc4 Rd4 36. Qc2 Rd2 1/2-1/2

[Event "Snabb-SM för veteraner, 65+ 2019"]
[Site "Schackcentrum, Vegagatan 20, Gothenburg, Sweden"]
[Date "2019.10.06"]
[Round "9.2"]
[White "Kvarby, Anders"]
[Black "Dolata, Henryk"]
[Result "0-1"]
[TimeControl "15 minutes + 10 seconds per move from move one"]
[WhiteFideId "1746596"]
[BlackFideId "1709046"]
[WhiteElo "1887"]
[BlackElo "2064"]

1. d4 e6 2. c4 d5 3. g3 Nf6 4. Bg2 Be7 5. Nf3 O-O 6. Qc2 dxc4 7. Qxc4 a6 8. Bf4 Nd5 9. Bd2 b5 10.
Qb3 Bb7 11. O-O Nd7 12. Nc3 c5 13. Ne4 Qb6 14. dxc5 Nxc5 15. Nxc5 Bxc5 16. a4 h6 17. a5 Qd6 18. Rfd1 Qe7 19.
Rac1 Rac8 20. Ne5 Rfd8 21. Nd3 Ba7 22. Nb4 Rxc1 23. Rxc1 Nxb4 24. Bxb4 Qd7 25. Bxb7 Qxb7 26. Qc3 Qd5 27.
Qc6 Bxf2+ 28. Kxf2 Qd4+ 29. Kg2 Qxb4 30. Qxa6 Qxb2 31. Rc8 Qxe2+ 32. Kg1 Qd1+ 33. Kg2 Qd5+ 34. Kg1 b4 35. Rxd8+ Qxd8 36. Qb6 Qd1+ 37. Kg2 b3 38. a6 Qc2+ 39. Kh3 b2 40. a7 b1=Q 41. Qxb1 Qxb1 42. a8=Q+ Kh7 43. Kg2 Qf5 44. Qd8 Qd5+ 0-1

[Event "Snabb-SM för veteraner, 65+ 2019"]
[Site "Schackcentrum, Vegagatan 20, Gothenburg, Sweden"]
[Date "2019.10.06"]
[Round "9.3"]
[White "Przysuski, Feliks"]
[Black "Fransson, Lennart"]
[Result "1-0"]
[TimeControl "15 minutes + 10 seconds per move from move one"]
[WhiteFideId "1712489"]
[BlackFideId "1706756"]
[WhiteElo "2008"]
[BlackElo "1983"]

1. e4 c6 2. d4 d5 3. e5 Bf5 4. Nf3 e6 5. Be2 h5 6. O-O Bg4 7. Nbd2 Nh6 8. h3 Bf5 9. Nb3 Be7 10.
c4 dxc4 11. Bxc4 Nd7 12. a4 Nb6 13. Be2 Qd5 14. Bf4 Be4 15. Nbd2 Bxf3 16. Nxf3 Qe4 17. Qd2 Rd8 18. Bd3 Qd5 19.
a5 Na8 20. a6 b6 21. Qc2 c5 22. Be4 Qd7 23. dxc5 bxc5 24. Rfd1 Qc7 25. Rxd8+ Qxd8 26. b4 O-O 27. bxc5 Qc8 28.
c6 Nc7 29. Qc4 Rd8 30. Be3 f5 31. exf6 Bxf6 32. Rc1 Nf7 33. Bxa7 Nd6 34. Qc2 Qxa6 35. Be3 Qa3 36. Bg6 Nd5 37.
Bc5 Qa8 38. Bxd6 Rxd6 39. c7 Qc8 40. Qa4 Rd7 41. Qxd7 1-0

[Event "Snabb-SM för veteraner, 65+ 2019"]
[Site "Schackcentrum, Vegagatan 20, Gothenburg, Sweden"]
[Date "2019.10.06"]
[Round "9.4"]
[White "Olsson, Tomas"]
[Black "Wahlstrom, Lennart"]
[Result "1/2-1/2"]
[TimeControl "15 minutes + 10 seconds per move from move one"]
[WhiteFideId "1702696"]
[BlackFideId "1706829"]
[WhiteElo "1973"]
[BlackElo "2109"]

1. e4 e5 2. Nf3 Nc6 3. Bc4 Nf6 4. d4 exd4 5. e5 d5 6. Bb5 Ne4 7. Nxd4 Bd7 8. Bxc6 bxc6 9. O-O Bc5 10.
Be3 O-O 11. f3 Ng5 12. f4 Ne4 13. Nd2 Nxd2 14. Qxd2 Bb6 15. Nb3 Bf5 16. Nc5 Qe7 17. b4 a5 18. a3 axb4 19. axb4 f6 20.
Bd4 fxe5 21. fxe5 Bg6 22. Rxf8+ Rxf8 23. Re1 Ra8 24. c3 Bxc5 25. Bxc5 Qe6 26. Bd4 Be4 27. Rf1 Qg6 28. Bc5 h6 29.
Rd1 Qf5 30. Bd4 Rf8 31. Qe2 Qg5 32. Rf1 1/2-1/2

[Event "Snabb-SM för veteraner, 65+ 2019"]
[Site "Schackcentrum, Vegagatan 20, Gothenburg, Sweden"]
[Date "2019.10.06"]
[Round "9.5"]
[White "Franzen, Thomas"]
[Black "Nilsson, Weine"]
[Result "1-0"]
[TimeControl "15 minutes + 10 seconds per move from move one"]
[WhiteFideId "1706039"]
[BlackFideId "1716727"]
[WhiteElo "1860"]
[BlackElo "1847"]

1. d4 Nf6 2. Nf3 e6 3. g3 b6 4. Bg2 Bb7 5. c4 Bb4+ 6. Bd2 Qe7 7. O-O O-O 8. a3 Bxd2 9. Nbxd2 d6 10.
Re1 Nbd7 11. e4 e5 12. d5 a5 13. b4 Ne8 14. Qc2 g6 15. h4 Ng7 16. Nf1 h6 17. N3h2 Kh7 18. Rad1 axb4 19.
axb4 Ra7 20. Ra1 Rfa8 21. Rxa7 Rxa7 22. Qd2 h5 23. Bh3 Nf8 24. Nf3 f6 25. N1h2 Ra3 26. Kg2 Qd8 27. Qb2 Qa8 28.
Rc1 Qa4 29. Nd2 c6 30. Nhf3 Ra2 31. Qc3 Ra3 32. Qb2 Ra2 33. Qb1 cxd5 34. cxd5 Ba6 35. Rc7 Bb5 36. Rc8 Nd7 37. Qc1 Ra1 38. Qc7 Qd1 39. g4 Bf1+ 40.
Nxf1 Qxf1+ 41. Kg3 hxg4 42. Bxf1 1-0

[Event "Snabb-SM för veteraner, 65+ 2019"]
[Site "Schackcentrum, Vegagatan 20, Gothenburg, Sweden"]
[Date "2019.10.06"]
[Round "9.6"]
[White "Degerfeldt, Sven"]
[Black "Alfven, Jorgen"]
[Result "0-1"]
[TimeControl "15 minutes + 10 seconds per move from move one"]
[WhiteFideId "1717430"]
[BlackFideId "1715950"]
[WhiteElo "1822"]
[BlackElo "1791"]

1. Nf3 Nf6 2. c4 e6 3. g3 d5 4. Bg2 c5 5. cxd5 exd5 6. O-O Nc6 7. d3 Be7 8. Nbd2 O-O 9. b3 Bf5 10.
Bb2 Rc8 11. Re1 b6 12. Rc1 h6 13. Qc2 a5 14. Qb1 Qd7 15. e4 dxe4 16. dxe4 Bh3 17. Nc4 Bxg2 18. Kxg2 Qb7 19. Rcd1 Rfd8 20.
e5 Ne8 21. Qe4 Rxd1 22. Rxd1 b5 23. Nd6 Bxd6 24. exd6 Qd7 25. Qf4 Rd8 26. Ne5 Nxe5 27. Qxe5 Qc6+ 28. f3 Qd7 29. g4 Qe6 30.
Qxe6 fxe6 31. Be5 Nf6 32. Bxf6 gxf6 33. Kf2 Kf7 34. Ke3 Ke8 35. Ke4 Kd7 36. f4 Rc8 37. f5 e5 38. h4 c4 39.
bxc4 Rxc4+ 40. Kf3 b4 41.
g5 hxg5 42. hxg5 fxg5 43. Ke3 Rf4 44.
Rd5 Rxf5 45. Rxa5 Kxd6 46. Rb5 Rf4 47. Ke2 Ke6 48. Ke3 Kf5 49. Ke2 g4 50. Rb8 g3 51. Rg8 Rf2+ 52. Ke3 Rxa2 53. Kd4 0-1

[Event "Snabb-SM för veteraner, 65+ 2019"]
[Site "Schackcentrum, Vegagatan 20, Gothenburg, Sweden"]
[Date "2019.10.06"]
[Round "9.7"]
[White "Landin, Bo"]
[Black "Olesen, Christer"]
[Result "0-1"]
[TimeControl "15 minutes + 10 seconds per move from move one"]
[WhiteFideId "1705261"]
[BlackFideId "1739069"]
[WhiteElo "1959"]
[BlackElo "1809"]

1. e4 c6 2. Nf3 d5 3. Nc3 dxe4 4. Nxe4 Nf6 5. Nxf6+ exf6 6. d4 Bd6 7. Be2 Bg4 8. O-O O-O 9.
Re1 Re8 10. c4 Nd7 11. Bd2 Nf8 12. Bc3 Bc7 13. h3 Bh5 14. Qd2 Qd7 15. Rad1 Rad8 16. Ne5 fxe5 17. Bxh5 exd4 18. Rxe8 Qxe8 19.
Bb4 Qe5 20. Bxf8 Kxf8 21. Bf3 Qh2+ 22. Kf1 Re8 23. g3 Qxh3+ 24. Bg2 Qe6 25. Qxd4 Rd8 26. Qc5+ Bd6 27. Qh5 Qxc4+ 28. Kg1 Qc2 29.
Re1 Qg6 30. Qa5 Ra8 31. Qc3 Re8 32. Rxe8+ Kxe8 33. Qe3+ Qe6 34. Qxa7 Qd7 35. Qe3+ Qe7 36. Qa7 Qc7 37. Qe3+ Kf8 38. a3 f6 39. b4 Qe7 40. Qd3 g6 41.
Bf3 Qe5 42. Qb3 Kg7 43. Kg2 h5 44.
Kg1 Qf5 45. Bg2 Qe5 46. Qd3 Kh6 47. Qd2+ g5 48. Qa2 Qe1+ 49. Kh2 Qe7 50. Kg1 Be5 51. Qb3 Bd4 52. Qg8 Qg7 53. Qc8 Be5 54.
Be4 g4 55. Bf5 Bd4 56. Qd8 Be5 57. Qc8 Bd4 58. Kg2 Be5 59. a4 Bd4 60. b5 cxb5 61. axb5 b6 62. Qe6 Bc5 63. Qd5 Qe7 64. Qg8 Qg7 65. Qd8 Qe7 66. Qh8+ Kg5 67. Qc8 Qg7 68.
Be6 Kh6 69. Qd8 Qe7 70. Qh8+ Kg6 71. Qg8+ Qg7 72. Bf5+ Kh6 73. Qe8 Kg5 74. Qe6 Kh6 75. Qd5 Qe7 76. Be6 Qg7 77. Qf5 Qg5 78.
Qe4 Qe5 79. Qc6 Qd4 80. Bxg4 Qxf2+ 81. Kh3 hxg4+ 82. Kxg4 Qd4+ 83. Kf3 Qe5 84. Qc8 Qe3+ 85. Kg2 Qe4+ 86. Kh3 Kg5 87. Qg8+ Qg6 88.
Qb3 Qf5+ 89. Kh2 Qe5 90. Qf3 Qf5 91. Qd1 Qf2+ 92. Kh3 Qf5+ 93. Kh2 Qg4 94. Qd2+ Kh5 95. Qd5+ Qg5 96. Qd1+ Kh6 97.
Qd8 Qg7 98. Qd2+ Kh7 99. Qd3+ Qg6 100. Qd7+ Kh6 101. Qd2+ Kg7 102. Qd7+ Qf7 103. Qg4+ Kh8 104. Qf5 Qh7+ 0-1

[Event "Snabb-SM för veteraner, 65+ 2019"]
[Site "Schackcentrum, Vegagatan 20, Gothenburg, Sweden"]
[Date "2019.10.06"]
[Round "9.8"]
[White "Nyberg, Bo"]
[Black "Andersson, Kaj"]
[Result "1-0"]
[TimeControl "15 minutes + 10 seconds per move from move one"]
[WhiteFideId "1710583"]
[BlackFideId "1709860"]
[WhiteElo "1806"]
[BlackElo "2083"]

1. d4 d5 2. Bf4 e6 3. e3 Bd6 4. Bxd6 Qxd6 5. c3 Nf6 6. Nf3 Nbd7 7. Bd3 h6 8. Nbd2 O-O 9. O-O Re8 10.
e4 dxe4 11. Nxe4 Nxe4 12. Bxe4 Nf6 13. Bc2 c5 14. Re1 cxd4 15. Qxd4 Qxd4 16. Nxd4 a6 17. h3 Bd7 18. Rad1 Rad8 19.
Nf3 Bc6 20. Ne5 Bd5 21. c4 Bc6 22.
Nxc6 bxc6 23. Ba4 Rxd1 24. Rxd1 Rb8 25. b3 c5 26. f3 Ne8 27. Bxe8 Rxe8 28. Rd6 a5 29. Ra6 Rc8 30. Rxa5 Kf8 31.
Ra7 e5 32. Kf2 g6 33. Ke3 Kg7 34. Ke4 Re8 35. Kd5 Kf6 36. Kxc5 e4 37. fxe4 Rxe4 38. Ra6+ Ke5 39. b4 Re2 40.
b5 Rxg2 41. b6 Rb2 42. Kc6 f5 43. b7 f4 44. Rb6 Rc2 45. b8=Q+ 1-0

[Event "Snabb-SM för veteraner, 65+ 2019"]
[Site "Schackcentrum, Vegagatan 20, Gothenburg, Sweden"]
[Date "2019.10.06"]
[Round "9.9"]
[White "Svensson, Soren"]
[Black "Herrman, Jan"]
[Result "1/2-1/2"]
[TimeControl "15 minutes + 10 seconds per move from move one"]
[WhiteFideId "1714937"]
[BlackFideId "1731882"]
[WhiteElo "1845"]
[BlackElo "1929"]

1. d4 Nf6 2. Nf3 e6 3. c4 c5 4. d5 b5 5. Bg5 exd5 6. cxd5 d6 7. e4 Be7 8. Bxb5+ Bd7 9. Qa4 O-O 10.
Nc3 Bxb5 11. Qxb5 Nbd7 12. O-O Rb8 13. Qe2 Nxd5 14. Nxd5 Bxg5 15. Qa6 Nb6 16. Rad1 Nxd5 17. Rxd5 Be7 18.
e5 Qb6 19. Qd3 Rfd8 20. b3 dxe5 21. Nxe5 Rxd5 22. Qxd5 Qe6 23. Nc6 Re8 24. Qxe6 fxe6 25. Nxa7 Ra8 26. Nc6 Bf6 27. a4 c4 28. bxc4 Rxa4 29. c5 Rc4 30. Nb8 Rxc5 31. Nd7 Ra5 32. Nxf6+ gxf6 1/2-1/2

[Event "Snabb-SM för veteraner, 65+ 2019"]
[Site "Schackcentrum, Vegagatan 20, Gothenburg, Sweden"]
[Date "2019.10.06"]
[Round "10.1"]
[White "Stroem, Leif"]
[Black "Przysuski, Feliks"]
[Result "0-1"]
[TimeControl "15 minutes + 10 seconds per move from move one"]
[WhiteFideId "1709410"]
[BlackFideId "1712489"]
[WhiteElo "2014"]
[BlackElo "2008"]

1. c4 c5 2. g3 g6 3. Bg2 Bg7 4. Nc3 Nc6 5. e4 e6 6. Nge2 Nge7 7. O-O O-O 8. d3 Nd4 9. Nxd4 cxd4 10. Ne2 Nc6 11. Rb1 a5 12. a3 Qe7 13. Bd2 a4 14. b4 axb3 15. Rxb3 Rxa3 16. Qc2 Rxb3 17. Qxb3 d6 18. Rb1 e5 19.
Nc1 Nd8 20. Na2 Be6 21. Bb4 Qd7 22. Qa3 b5 23. Bxd6 bxc4 24. dxc4 Re8 25. c5 Nb7 26. Rb6 Rc8 27. Bf1 Nxd6 28.
Rxd6 Qc7 29. Ba6 Qxc5 30. Rd8+ Bf8 31. Qxc5 Rxc5 32. Nb4 Bh3 33. f4 Rc1+ 34. Kf2 Kg7 35. Nd3 Rc2+ 36. Ke1 Bg4 37. Nxe5 Bb4+ 38. Kf1 Bh3+ 39. Kg1 Rg2+ 40. Kh1 Ra2 41. Kg1 Rxa6 42. Nd3 Ra1+ 43.
Kf2 Bc3 44. g4 Bxg4 45. Kg3 Rg1+ 46. Kf2 Rd1 47. Ne5 Be6 48. Ke2 Rd2+ 49. Kf3 Rxh2 50. Nc6 Rh3+ 51. Kg2 Rd3 52.
Ne5 Rd2+ 53. Kg3 Re2 54.
Kf3 Re3+ 55. Kf2 Be1+ 56. Kf1 Bh3+ 57. Kg1 Bg3 0-1

[Event "Snabb-SM för veteraner, 65+ 2019"]
[Site "Schackcentrum, Vegagatan 20, Gothenburg, Sweden"]
[Date "2019.10.06"]
[Round "10.2"]
[White "Alfven, Jorgen"]
[Black "Dolata, Henryk"]
[Result "1-0"]
[TimeControl "15 minutes + 10 seconds per move from move one"]
[WhiteFideId "1715950"]
[BlackFideId "1709046"]
[WhiteElo "1791"]
[BlackElo "2064"]

1. d4 e6 2. Nf3 d5 3. g3 Nf6 4. Bg2 Be7 5. O-O O-O 6. b3 Nbd7 7. Bb2 b6 8. c4 Bb7 9. Nbd2 c5 10.
Re1 Rc8 11. e3 Qc7 12. Rc1 Qb8 13. Qe2 Rfe8 14. Ne5 dxc4 15. Nxd7 Nxd7 16. Nxc4 Bxg2 17. Kxg2 Bf6 18. Red1 Red8 19.
e4 Bxd4 20. Bxd4 cxd4 21. e5 h6 22.
a4 Nc5 23. Nd6 Rc7 24. Qf3 d3 25. b4 Nxa4 26. Rxc7 Qxc7 27. Rxd3 Rd7 28. Qa8+ Qd8 29. Qc6 b5 30. Qxb5 Nb6 31. Qa5 Qa8+ 32. Kg1 Nd5 33. f3 Qb8 34.
b5 Nb6 35. Rc3 Nd5 36. Rc8+ Qxc8 37. Nxc8 Rc7 38. Nd6 Rd7 39. f4 Rc7 40. Kf2 Rd7 41. Nc4 Rc7 42. Ne3 Nb6 43. Qd2 Rd7 44.
Qc3 h5 45. Qc6 Kf8 46. Nc4 1-0